 Dungeon Crawl Stone Soup version 0.28-a0-816-gb054d885db (webtiles) character file.

Game seed: 16146216126113790859

34001 vurker the Stormcaller (level 13, 63/63 HPs)
             Began as a Felid Air Elementalist on Nov 8, 2021.
             Was a High Priest of Vehumet.
             Quit the game on level 13 of the Dungeon.
             The game lasted 00:53:57 (40498 turns).

vurker the Stormcaller (Felid Air Elementalist)    Turns: 40498, Time: 00:53:57

Health: 63/63      AC:  3    Str:  4    XL:     13   Next: 39%
Magic:  41/41      EV: 23    Int: 21    God:    Vehumet [*****.]
Gold:   2960       SH:  0    Dex: 17    Spells: 27/41 levels left
                                        Lives:  0   Deaths: 4

rFire   . . .      SeeInvis +   (weapon unavailable)
rCold   + . .      Faith    .   (shield unavailable)
rNeg    . . .      Spirit   .   (armour unavailable)
rPois   +          Reflect  .   (helmet unavailable)
rElec   .          Harm     .   (cloak unavailable)
rCorr   .          Rampage  .   (gloves unavailable)
Will    +....                   (boots unavailable)
Stlth   ++........              p - amulet of regeneration
HPRegen 1.20/turn               e - ring of magical power
MPRegen 0.27/turn               q - ring of poison resistance

@: quick
A: very small, claws 1, fangs 3, see invisible, speed 1, shaggy fur 3, stealthy
paws, no weapons or thrown items, no armour, multi-lived
a: Renounce Religion


You were on level 13 of the Dungeon.
You worshipped Vehumet.
Vehumet was extremely pleased with you.
You visited 4 branches of the dungeon, and saw 22 of its levels.
You also visited: Gauntlet.

You collected 3619 gold pieces.
You spent 659 gold pieces at shops.

Inventory:

Jewellery
 e - a ring of magical power (left paw)
   (You found it on level 1 of the Dungeon)
 n - a ring of ice
   (You took it off Fannar on level 10 of the Dungeon)
 o - a +6 ring of intelligence
   (You found it on level 10 of the Dungeon)
 p - an amulet of regeneration (around neck)
   (You found it on level 5 of the Lair of Beasts)
 q - a ring of poison resistance (right paw)
   (You found it on level 4 of the Dungeon)
 w - a ring of positive energy
   (You found it on level 1 of the Lair of Beasts)
 B - a +4 ring of protection
   (You found it on level 6 of the Lair of Beasts)
 C - the ring "Onkiaf" {rF+ Slay+4}
   (You acquired it on level 5 of the Dungeon)

   [ring of slaying]

   Slay:      It affects your accuracy & damage with ranged weapons and melee
   (+4).
   rF:        It protects you from fire.
 D - a ring of flight
   (You found it on level 4 of the Lair of Beasts)
 H - the ring "Gugab" {+Blink rF+ Str+3}
   (You found it on level 13 of the Dungeon)

   [ring of protection from fire]

   Str:       It affects your strength (+3).
   rF:        It protects you from fire.
   +Blink:    It lets you blink.
Wands
 d - a wand of iceblast (16)
   (You found it on level 11 of the Dungeon)
 s - a wand of mindburst (22)
   (You found it on level 10 of the Dungeon)
 t - a wand of flame (35)
   (You found it on level 8 of the Dungeon)
 u - a wand of polymorph (6)
   (You found it on level 5 of the Dungeon)
 v - a wand of digging (18)
   (You found it on level 6 of the Dungeon)
Scrolls
 a - 4 scrolls of fog
 h - 5 scrolls of teleportation
 l - 2 scrolls of amnesia
 m - 2 scrolls of magic mapping
 r - 2 scrolls of immolation
 x - a scroll of identify
 y - 2 scrolls of blinking
Potions
 b - 5 potions of curing
 c - 7 potions of ambrosia
 f - 8 potions of lignification
 g - 2 potions of magic
 i - 2 potions of mutation
 j - 5 potions of brilliance
 k - a potion of invisibility {unknown}
 z - a potion of resistance
 A - a potion of cancellation {unknown}
 E - 2 potions of haste
 F - a potion of attraction {unknown}
 G - 3 potions of degeneration {unknown}


   Skills:
 + Level 11.5 Fighting
 - Level 10.0 Dodging
 - Level 2.6 Stealth
 * Level 14.9 Spellcasting
 - Level 8.1 Conjurations
 * Level 15.1 Air Magic
 - Level 3.0 Poison Magic


You had 27 spell levels left.
You knew the following spells:

 Your Spells              Type           Power      Damage    Failure   Level
a - Shock                 Conj/Air       100%       1d9       1%          1
b - Lightning Bolt        Conj/Air       29%        1d46      1%          5
c - Airstrike             Air            34%        N/A       1%          4
q - Olgreb's Toxic Radia  Pois           28%        N/A       3%          4

Your spell library contained the following spells:

 Spells                   Type           Power      Damage    Failure   Level
 Starburst                Conj/Fire      16%        6d6       28%         6
 Freeze                   Ice            60%        1d8       1%          1
 Static Discharge         Conj/Air       59%        N/A       1%          2
 Swiftness                Air            68%        N/A       1%          3
 Hailstorm                Conj/Ice       32%        3d8       2%          4
 Sticky Flame             Conj/Fire      32%        2d5       2%          4
 Frozen Ramparts          Ice            30%        1d5       3%          3
 Animate Skeleton         Necr           30%        N/A       4%          1
 Pain                     Necr           60%        1d7       4%          1
 Summon Small Mammal      Summ           60%        N/A       4%          1
 Call Canine Familiar     Summ           15%        N/A       12%         3
 Summon Guardian Golem    Hex/Summ       15%        N/A       12%         3
 Vampiric Draining        Necr           15%        2d7       12%         3
 Iron Shot                Conj/Erth      16%        9d4       28%         6
 Animate Dead             Necr           7%         N/A       36%         4
 Dispel Undead            Necr           15%        3d10      36%         4
 Leda's Liquefaction      Hex/Erth       7%         N/A       36%         4
 Blade Hands              Tmut           7%         N/A       73%         5
 Borgnjor's Vile Clutch   Necr/Erth      7%         N/A       73%         5
 Death Channel            Necr           7%         N/A       99%         6
 Portal Projectile        Hex/Tloc       Unusable   N/A       N/A         3
 Animate Armour           Summ/Erth      Unusable   N/A       N/A         4

Dungeon Overview and Level Annotations

Branches:
Dungeon (13/15)            Temple (1/1) D:4            Lair (6/6) D:8
  Swamp (0/4) Lair:3       Spider (0/4) Lair:4        Slime (0/5) Lair:6
    Orc (2/2) D:10            Elf (0/3) Orc:2       Gauntlet (visited)
 Vaults: D:13-14

Altars:
Ashenzari
Cheibriados
Fedhas
Gozag
Hepliaklqana
Kikubaaqudgha
Makhleb
Nemelex Xobeh
Okawaru
Qazlal
Ru
Trog
Uskayaw
Vehumet
Wu Jian
Xom
Yredelemnul
Zin
Beogh
Jiyva

Shops:
D:1 !   D:5 ?   Orc:2 ([*:

Annotations:
D:10 1 runed translucent door, whitenoisemaker's ghost, journeyman DEAE
D:11 2 transporters, Megustar's ghost, journeyman DEFE
Lair:6 1 runed translucent door


Innate Abilities, Weirdness & Mutations

You have sharp claws.
You have razor-sharp teeth.
You have supernaturally acute eyesight. (SInv)
You cover ground quickly. (Speed+)
Your thick and shaggy fur keeps you warm. (AC +3, rC+)
Your paws help you pounce on unaware monsters.
You are incapable of wielding weapons or throwing items.
You cannot wear armour.
You gain extra lives every three experience levels.


Message History

* * * LOW HITPOINT WARNING * * *
The centaur shoots an arrow.
The arrow barely misses you.
The tengu warrior looks as sick as possible!
Your toxic aura wanes.
The centaur shoots an arrow.
The arrow barely misses you.
The centaur shoots an arrow.
The arrow completely misses you.
Found 6 gold pieces.
The centaur looks more healthy.
The centaur shoots an arrow.
The arrow closely misses you.
You kill the centaur!
Vehumet accepts your kill.
The centaur shoots an arrow.
The arrow misses you.
The centaur shoots an arrow.
The arrow completely misses you.
There is a stone staircase leading up here.
The centaur shoots an arrow.
The arrow misses you.
The centaur shoots an arrow.
The arrow closely misses you.
You climb upwards.
There is a stone staircase leading down here.
You start resting.
You start resting.
Things that are here:
a potion of might; a +0 robe; a +0 dagger
There is a stone staircase leading down here.
You climb downwards.
The centaur warrior shouts!
The centaur shouts! x3; You hear a shout!
The centaur wields a +0 shortbow.
The centaur shoots an arrow.
The arrow misses you.
The centaur warrior wields a +0 longbow.
The centaur warrior shoots an arrow.
The arrow hits you!!
The centaur wields a +0 shortbow.
The centaur shoots an arrow.
The arrow closely misses you.
The centaur wields a +0 shortbow.
The centaur shoots an arrow.
The arrow misses you.
The boulder beetle leaps!
The centaur warrior shoots an arrow.
The arrow hits you!!
* * * LOW HITPOINT WARNING * * *
A centaur comes into view.
The centaur shoots an arrow.
The arrow misses you.
The centaur shoots an arrow.
The arrow misses you.
Found 2 potions of curing and a fizzy amethyst potion.
Found a stone staircase leading down.
There is a stone staircase leading up, spattered with blood here.
The centaur warrior shoots an arrow.
The arrow misses you.
The centaur shoots an arrow.
The arrow hits you!
* * * LOW HITPOINT WARNING * * *
The centaur shoots an arrow.
The arrow hits you!
You stop ascending the stairs.
You die...
The centaur shoots an arrow.
The arrow hits you!
The centaur warrior shoots an arrow.
The arrow closely misses you.
You are now level 13!
You rejoin the land of the living...
Found 15 gold pieces.
Unknown command.

....>#.........
...........!.......
.......<...# ....
....###....# #...##
. .#.....#.....#
... .......!....$##
.. ..............#
. .............# #
.......@## #
......##.# # .#.
### ## <####..
........ ......##
......# ##....#


There were no monsters in sight!

Vanquished Creatures
  An orc warlord (Orc:2)
  A stone giant (Orc:1)
  4 ettins
  Fannar (D:10)
  A great orb of eyes (Lair:4)
  Josephine (D:10)
  Erolcha (D:9)
  8 hydras
  A boulder beetle (D:13)
  An ogre mage (Orc:1)
  A catoblepas (Lair:4)
  A centaur warrior (D:13)
  3 two-headed ogres
  Erica (D:8)
  13 death yaks
  An orc high priest (Orc:2)
  A titan zombie (Orc:1)
  Nergalle (D:11)
  Sonja (D:12)
  6 orc knights
  3 stone giant zombies (Orc:1)
  17 cyclopes
  3 orc sorcerers
  A black mamba (Lair:1)
  2 gargoyles (D:11)
  11 elephants
  2 torpor snails
  7 cane toads
  A demonic crawler (Lair:3)
  3 rime drakes
  2 ice devils (Lair:5)
  A queen bee (Lair:4)
  7 trolls
  10 komodo dragons
  6 polar bears
  3 meliai (Lair:4)
  Prince Ribbit (D:6)
  4 hornets (Lair:6)
  4 slime creatures (D:12)
  18 blink frogs
  A dream sheep (Lair:6)
  A shadow (D:11)
  Sigmund (D:3)
  4 wyverns
  3 wraiths
  62 yaks
  14 spriggans
  A vampire (D:9)
  Grum (D:9)
  4 basilisks
  9 vampire mosquitoes
  5 wargs (Orc:1)
  Duvessa (D:6)
  9 water moccasins
  A sky beast (D:7)
  4 ice beasts
  2 necrophages
  5 black bears
  32 orc warriors
  4 boggarts (Lair:6)
  7 ogres (Orc:1)
  A phantom (D:5)
  27 wolves
  3 centaurs
  5 kobold brigands
  12 bullfrogs
  3 gnoll sergeants
  Dowan (D:6)
  5 scorpions (Lair:4)
  13 wights
  21 killer bees
  A howler monkey (D:8)
  4 centaur zombies
  A bullfrog zombie (D:6)
  2 jellies
  3 hounds
  14 orc priests
  2 centaur skeletons (D:6)
  A bullfrog skeleton (D:6)
  2 iguanas
  20 orc wizards
  13 hell rats
  A killer bee zombie (D:7)
  A howler monkey zombie (D:8)
  11 gnolls
  9 adders
  A white imp (D:5)
  An ufetubus (D:6)
  2 worms
  A dart slug (D:1)
  89 orcs
  8 endoplasms
  3 giant cockroaches
  3 goblins
  6 hobgoblins
  4 jackals
  25 kobolds
  5 quokkas
  6 ball pythons
  5 bats
  14 frilled lizards
  10 rats
685 creatures vanquished.

Vanquished Creatures (others)
  An unseen horror (D:11)
  A demonic plant (Gauntlet)
  67 fungi
  82 plants
151 creatures vanquished.

Grand Total: 836 creatures vanquished

Notes
Turn   | Place    | Note
-------+----------+-------------------------------------------
     0 | D:1      | vurker the Felid Air Elementalist began the quest for the
                  | Orb.
     0 | D:1      | Reached XP level 1. HP: 7/7 MP: 4/4
    47 | D:1      | Reached skill level 1 in Conjurations
    98 | D:1      | Reached XP level 2. HP: 10/12 MP: 0/6
   442 | D:1      | Reached skill level 3 in Air Magic
   577 | D:1      | Reached skill level 1 in Fighting
   790 | D:1      | Found Joycas's Distillery.
   816 | D:1      | Found a faded altar of an unknown god.
   944 | D:1      | Reached XP level 3. HP: 15/15 MP: 7/7
  1839 | D:2      | Noticed Sigmund
  1929 | D:3      | Reached XP level 4. HP: 16/19 MP: 9/9
  2587 | D:3      | Killed Sigmund
  2588 | D:3      | Reached skill level 4 in Air Magic
  2588 | D:3      | Reached XP level 5. HP: 5/22 MP: 11/11
  3035 | D:2      | Gained mutation: You are covered in thick fur. (AC +2)
                  | [Felid growth]
  3035 | D:2      | Reached XP level 6. HP: 26/26 MP: 12/12
  3266 | D:2      | Learned a level 4 spell: Airstrike
  3401 | D:4      | Found a stormy altar of Qazlal.
  3410 | D:4      | Found a sacrificial altar of Ru.
  3892 | D:4      | Found an iron altar of Okawaru.
  3998 | D:4      | Found a staircase to the Ecumenical Temple.
  4203 | Temple   | Entered the Ecumenical Temple
  4215 | Temple   | Became a worshipper of Vehumet
  4248 | D:5      | Entered Level 5 of the Dungeon
  4408 | D:5      | Reached XP level 7. HP: 30/30 MP: 14/14
  4767 | D:5      | Reached skill level 5 in Air Magic
  4802 | D:5      | Found Uqoecios's Magic Scroll Shoppe.
  5895 | D:6      | Found an ornate altar of the Wu Jian Council.
  5915 | D:6      | Reached skill level 5 in Spellcasting
  5984 | D:6      | Noticed Dowan
  6165 | D:6      | Noticed Duvessa
  6386 | D:6      | Killed Duvessa
  6387 | D:6      | Reached XP level 8. HP: 21/34 MP: 16/16
  6648 | D:6      | Killed Dowan
  6923 | D:6      | Reached skill level 6 in Air Magic
  7234 | D:6      | Noticed Prince Ribbit
  7246 | D:6      | Killed Prince Ribbit
  7246 | D:6      | Reached * piety under Vehumet
  7246 | D:6      | Offered knowledge of Sandblast by Vehumet.
  7636 | D:6      | Found an opulent altar of Gozag.
  7722 | D:6      | Found a faded altar of an unknown god.
  7722 | D:6      | Found a burning altar of Makhleb.
  7729 | D:6      | Found a hazy altar of Hepliaklqana.
  7731 | D:6      | Found a faded altar of an unknown god.
  7733 | D:6      | Found a snail-covered altar of Cheibriados.
  7832 | D:7      | Reached XP level 9. HP: 20/39 MP: 19/19
  8263 | D:7      | Reached skill level 7 in Air Magic
  8544 | D:7      | Reached skill level 5 in Fighting
  9281 | D:8      | HP: 2/60 [killer bee (5)]
  9302 | D:8      | Reached skill level 5 in Conjurations
  9710 | D:8      | Reached skill level 8 in Air Magic
  9815 | D:8      | Reached XP level 10. HP: 45/45 MP: 3/22
  9978 | D:8      | Found a hide-covered altar of Uskayaw.
 10107 | D:8      | Reached ** piety under Vehumet
 10107 | D:8      | Offered knowledge of Scorch by Vehumet.
 10280 | D:8      | Noticed an elephant
 10285 | D:8      | Noticed Erica
 10958 | D:8      | Killed an elephant
 11205 | D:8      | Found a staircase to the Lair.
 11410 | D:8      | Found a staircase to the Lair.
 11479 | D:8      | Killed Erica
 11480 | D:8      | Reached skill level 9 in Air Magic
 11982 | D:8      | Found a hide-covered altar of Uskayaw.
 12351 | D:9      | Noticed Erolcha
 12550 | D:9      | Noticed a cyclops
 12555 | D:9      | Killed a cyclops
 12822 | D:9      | Killed Erolcha
 12929 | D:9      | Offered knowledge of Ignite Poison by Vehumet.
 13186 | D:9      | Reached XP level 11. HP: 49/49 MP: 25/25
 13188 | D:9      | Reached *** piety under Vehumet
 13487 | D:9      | Noticed Grum
 13550 | D:9      | Killed Grum
 14067 | D:10     | Entered Level 10 of the Dungeon
 14086 | D:10     | Offered knowledge of Olgreb's Toxic Radiance by Vehumet.
 14109 | D:10     | Learned a level 4 spell: Olgreb's Toxic Radiance
 14203 | D:10     | Noticed Josephine
 14349 | D:10     | Killed Josephine
 14497 | D:10     | Reached skill level 10 in Air Magic
 14497 | D:10     | Reached skill level 1 in Poison Magic
 14744 | D:10     | Found a glowing silver altar of Zin.
 14763 | D:10     | Found a staircase to the Orcish Mines.
 14765 | D:10     | Noticed Fannar
 14772 | D:10     | Killed Fannar
 14881 | D:10     | Reached skill level 10 in Spellcasting
 15162 | D:10     | Found a runed translucent door.
 15742 | D:10     | Found a shimmering altar of Xom.
 15742 | D:10     | Found a bloodstained altar of Trog.
 15781 | D:10     | Noticed whitenoisemaker's ghost (journeyman DEAE)
 15781 | D:10     | Found the +9 staff of Wucad Mu {*channel}
 15850 | D:11     | Noticed Nergalle
 15887 | D:11     | HP: 2/45 [spectral orc knight[Nergalle] (6)]
 16271 | D:11     | Noticed a two-headed ogre
 16295 | D:11     | Killed a two-headed ogre
 17152 | D:11     | Found a transporter.
 17154 | D:11     | Found a transporter.
 17159 | D:11     | Noticed Megustar's ghost (journeyman DEFE)
 17201 | D:11     | Slain by a spectral orc
 17202 | D:11     | Reached XP level 10. HP: 0/44 MP: 17/34
 17235 | D:11     | Killed Nergalle
 17236 | D:11     | Reached XP level 11. HP: 46/51 MP: 1/26
 17422 | D:11     | Noticed a two-headed ogre
 17426 | D:11     | Killed a two-headed ogre
 17918 | D:11     | Found a transporter.
 17920 | D:11     | Found a transporter.
 18159 | D:11     | Found a transporter.
 18164 | D:11     | Found a transporter.
 18755 | Lair:1   | Entered Level 1 of the Lair of Beasts
 19208 | Lair:1   | Reached skill level 11 in Air Magic
 19273 | Lair:1   | Noticed a six-headed hydra
 19285 | Lair:1   | Reached **** piety under Vehumet
 19399 | Lair:1   | Killed a six-headed hydra
 19995 | Lair:2   | Noticed an eight-headed hydra
 20029 | Lair:2   | Killed an eight-headed hydra
 20122 | Lair:2   | Noticed a five-headed hydra
 20167 | Lair:2   | Killed a five-headed hydra
 20941 | Lair:2   | Noticed a four-headed hydra
 20946 | Lair:2   | Killed a four-headed hydra
 20946 | Lair:2   | Offered knowledge of Inner Flame by Vehumet.
 20987 | Lair:2   | Gained mutation: Your thick and shaggy fur keeps you warm.
                  | (AC +3, rC+) [Felid growth]
 20987 | Lair:2   | Reached XP level 12. HP: 56/56 MP: 21/28
 21609 | D:5      | Bought a scroll of acquirement for 572 gold pieces
 21609 | D:5      | Bought a scroll of teleportation for 33 gold pieces
 21609 | D:5      | Acquired the ring "Onkiaf" {rF+ Slay+4}
 21951 | Lair:3   | Found a staircase to the Swamp.
 22467 | Lair:3   | Noticed a boulder beetle
 23021 | Lair:4   | Noticed a boulder beetle
 23060 | Lair:4   | Noticed a four-headed hydra
 23065 | Lair:4   | Killed a four-headed hydra
 23219 | Lair:3   | Reached skill level 12 in Air Magic
 23393 | Lair:4   | Found a gate leading to a gauntlet.
 23399 | Gauntlet | Entered a Gauntlet
 23399 | Gauntlet | Found a transporter.
 23399 | Gauntlet | Found a transporter.
 23407 | Gauntlet | Found a transporter.
 23411 | Gauntlet | Found a transporter.
 23419 | Gauntlet | Found a transporter.
 23419 | Gauntlet | Noticed a tengu warrior
 23423 | Gauntlet | Found a transporter.
 23431 | Gauntlet | Found a transporter.
 23444 | Gauntlet | Noticed a catoblepas
 23446 | Gauntlet | Found a transporter.
 23451 | Gauntlet | Found a runed translucent door.
 23465 | Gauntlet | Found a transporter.
 23466 | Gauntlet | Found a transporter.
 23474 | Gauntlet | Found a transporter.
 23478 | Gauntlet | Found a transporter.
 23526 | Lair:4   | Noticed a boulder beetle
 23527 | Lair:4   | Noticed a great orb of eyes
 23527 | Lair:4   | a boulder beetle changed into a great orb of eyes
 23532 | Lair:4   | Killed a great orb of eyes
 23708 | Lair:4   | Noticed a seven-headed hydra
 23708 | Lair:4   | a boulder beetle changed into a seven-headed hydra
 23713 | Lair:4   | Killed a seven-headed hydra
 24130 | Lair:4   | Noticed a catoblepas
 24137 | Lair:4   | Killed a catoblepas
 24310 | Lair:4   | HP: 2/57 [meliai/divine providence (15)]
 24311 | Lair:4   | Killed from afar by a meliai
 24312 | Lair:4   | Reached XP level 11. HP: -7/53 MP: 26/37
 24312 | Lair:4   | Reached ***** piety under Vehumet
 24334 | Lair:4   | Found a hole to the Spider Nest.
 24568 | Lair:4   | Reached skill level 5 in Dodging
 24692 | Lair:4   | Offered knowledge of Lightning Bolt by Vehumet.
 24708 | Lair:4   | Reached XP level 12. HP: 29/57 MP: 10/29
 24720 | Lair:4   | Learned a level 5 spell: Lightning Bolt
 25190 | Lair:4   | Noticed a death yak
 25190 | Lair:4   | Noticed a death yak
 25190 | Lair:4   | Noticed a death yak
 25191 | Lair:4   | Noticed a death yak
 25227 | Lair:4   | Killed a death yak
 25234 | Lair:4   | Killed a death yak
 25234 | Lair:4   | Killed a death yak
 25237 | Lair:4   | Killed a death yak
 25330 | Lair:4   | Noticed a death yak
 25335 | Lair:4   | Noticed a death yak
 25336 | Lair:4   | Killed a death yak
 25365 | Lair:4   | Killed a death yak
 25908 | Lair:5   | Noticed a death yak
 25908 | Lair:5   | Noticed a death yak
 25908 | Lair:5   | Noticed a death yak
 25908 | Lair:5   | Noticed a death yak
 25908 | Lair:5   | Noticed a death yak
 25908 | Lair:5   | Noticed a seven-headed hydra
 25909 | Lair:5   | Noticed a death yak
 25964 | Lair:4   | Killed a death yak
 26268 | Lair:4   | Found a hole to the Spider Nest.
 26814 | Lair:5   | Reached skill level 13 in Air Magic
 26819 | Lair:5   | Found a frozen archway.
 27127 | Lair:5   | Acquired 1109 gold pieces
 27162 | Lair:5   | Killed a death yak
 27287 | Lair:5   | Killed a death yak
 27399 | Lair:5   | Killed a death yak
 27435 | Lair:5   | Killed a seven-headed hydra
 27558 | Lair:5   | Killed a death yak
 27559 | Lair:5   | Reached skill level 10 in Fighting
 27578 | Lair:5   | Killed a death yak
 27579 | Lair:5   | Reached XP level 13. HP: 61/61 MP: 4/31
 28582 | Lair:6   | Entered Level 6 of the Lair of Beasts
 29065 | Lair:6   | Slain by a spriggan rider
 29066 | Lair:6   | Reached XP level 12. HP: -1/58 MP: 26/39
 29087 | Lair:6   | Offered knowledge of Lee's Rapid Deconstruction by Vehumet.
 30957 | Lair:6   | Found a runed translucent door.
 30961 | Lair:6   | Found a viscous altar of Jiyva.
 31195 | Lair:6   | Found a staircase to the Slime Pits.
 31213 | Lair:6   | Noticed a five-headed hydra
 31234 | Lair:5   | Reached XP level 13. HP: 55/62 MP: 30/31
 31475 | Lair:6   | Reached skill level 14 in Air Magic
 32646 | Orc:1    | Entered Level 1 of the Orcish Mines
 33101 | Orc:1    | Noticed an ettin
 33123 | D:10     | Killed an ettin
 33544 | Orc:1    | Offered knowledge of Starburst by Vehumet.
 33835 | Orc:1    | Noticed an ettin
 33839 | Orc:1    | Killed an ettin
 34362 | Orc:1    | You fall into a shaft and drop 1 floor!
 34362 | Orc:2    | Entered Level 2 of the Orcish Mines
 35188 | Orc:1    | Noticed an ettin
 35366 | D:10     | Killed an ettin
 35739 | Orc:1    | Noticed an ettin
 35746 | Orc:1    | Killed an ettin
 35847 | Orc:1    | Noticed a stone giant
 35975 | Orc:1    | Killed a stone giant
 35976 | Orc:1    | Reached XP level 14. HP: 67/67 MP: 21/33
 36470 | Orc:2    | Found a staircase to the Elven Halls.
 37141 | Orc:2    | Noticed an orc warlord
 37167 | Orc:2    | Killed an orc warlord
 37967 | Orc:2    | Found Iru Jow's Antique Weapon Shop.
 37970 | Orc:2    | Found Gethriso's Antique Armour Boutique.
 38253 | Orc:2    | Found Ateimiext's Book Emporium.
 38554 | Orc:2    | Found Eddux's Assorted Antiques.
 38563 | Orc:2    | Bought 2 fizzy amethyst potions for 54 gold pieces
 38927 | D:11     | Reached skill level 10 in Dodging
 39369 | D:12     | Reached skill level 15 in Air Magic
 39472 | D:12     | Noticed Sonja
 39474 | D:12     | Killed Sonja
 39488 | D:12     | Found an ornate altar of the Wu Jian Council.
 40337 | D:13     | Identified the ring "Gugab" {+Blink rF+ Str+3}
 40497 | D:13     | Shot with an arrow by a centaur
 40498 | D:13     | Reached XP level 13. HP: -6/63 MP: 41/41
 40498 | D:13     | Quit the game

Illustrated notes

Levels and vault maps discovered:
D:1:      dpeg_arrival_ratfight, layout_rooms, serial_shops, shop,
          shapermc_ecumenical_altar_hornbeckon, minmay_lizard_king
D:2:      kennysheep_big_flooded_room, layout_loops_cross, serial_rivers,
          chequers_serial_rivers_micro_e, chequers_serial_rivers_micro_d,
          chequers_serial_rivers_micro_d, chequers_serial_rivers_small_b,
          chequers_serial_rivers_micro_e, uniq_sigmund
D:3:      layout_rooms, minmay_bisected
D:4:      layout_gridville, mainiacjoe_overflow_cross_hatched, kennysheep_mini,
          okawaru_gym_becter, minmay_temple_entry_enclosed_plants
D:5:      layout_loops_corners, serial_shops, nicolae_diamond_shop
D:6:      layout_rooms, mainiacjoe_overflow_tiny_flanked, kennysheep_mini_moat,
          chequers_temple_overflow_minitemple, minmay_misc_feat_enclosed,
          ebering_dispersal_statue_hall, uniq_prince_ribbit1, uniq_duvessa
D:7:      layout_basic
D:8:      layout_basic, kennysheep_little_box, david_lair_generic, uniq_erica
D:9:      layout_cross, uniq_erolcha, uniq_grum
D:10:     layout_long_grid, mainiacjoe_overflow_paths,
          gammafunk_temple_overflow_elements, orc_0_dummy,
          ebering_ghost_reflecting_pool, serial_bayou_pond_e, uniq_fannar,
          uniq_josephine
D:11:     layout_small_grid, gammafunk_ghost_hive, uniq_nergalle
D:12:     layout_loops_ring, pdpol_wu_jian_five_deadly_venoms, uniq_sonja
D:13:     layout_cave_pools, minmay_stone_trees_small
Temple:   eino_wide_crystal_templ
Lair:1:   layout_cave_pods
Lair:2:   layout_loops_ring
Lair:3:   layout_regular_city, minmay_swamp_entry_swarm,
          chequers_serial_rivers_large_a, infiniplex_staircase_pool
Lair:4:   layout_hall_layers, nicolae_spider_entry_non_spiders,
          gauntlet_entry_generic, special_room [special_room_bee],
          beast_lair_carwin_10
Lair:5:   layout_roguey, portal_ice_cave_demonic_guard, beast_lair_carwin_5
Lair:6:   minmay_lair_end_enchanted_forest, layout_gridlike, slime_altar_2
Orc:1:    giant_chief_lemuel, layout_caves, basic_altar, abandoned_shop
Orc:2:    grunt_orc_community_town_hall, layout_caves,
          grunt_orc_community_big_house_1, grunt_orc_community_big_house_1,
          grunt_orc_community_house_3, grunt_orc_community_house_3,
          grunt_orc_community_house_3, grunt_orc_community_house_2

Skill      XL: |  1  2  3  4  5  6  7  8  9 10 11 12 13 14 |
---------------+-------------------------------------------+-----
Conjurations   | 1 2 3 4 5 6 8 |  8.1
Air Magic      | 3 4 5 6 8 9 11 13 14 15 | 15.1
Fighting       | 1 2 3 4 5 6 8 10 11 | 11.5
Spellcasting   | 3 4 5 6 7 9 11 13 14 | 14.9
Poison Magic   | 3 |  3.0
Dodging        | 5 8 9 10 | 10.0
Stealth        | |  2.6

Action                   |  1- 3 |  4- 6 |  7- 9 | 10-12 | 13-15 || total
-------------------------+-------+-------+-------+-------+-------++-------
Melee: Unarmed           |    28 |       |     3 |    12 |     3 ||    46
       Bite              |     1 |       |       |       |       ||     1
 Cast: Shock             |   104 |    82 |   231 |    28 |     7 ||   452
       Airstrike         |       |       |    53 |   617 |   371 ||  1041
       Olgreb's Toxic Ra |       |       |       |    82 |    79 ||   161
       Lightning Bolt    |       |       |       |    14 |    70 ||    84
Evoke: Wand              |       |       |     2 |    10 |     8 ||    20
  Use: Scroll            |       |    12 |     3 |    11 |     3 ||    29
       Potion            |       |       |     5 |     5 |       ||    10
 Stab: Sleeping          |     1 |       |       |       |       ||     1
Armor: Skin              |     2 |       |    41 |    12 |     9 ||    64
Dodge: Dodged            |    40 |    11 |    67 |   199 |   149 ||   466

Table legend: (Time is in decaauts)
 A = Elapsed time spent in this place.
 B = Non-inter-level travel time spent in this place.
 C = Inter-level travel time spent in this place.
 D = Time resting spent in this place.
 E = Time spent auto-exploring this place.
 F = Levels seen in this place.
 G = Mean time per level.
                   A        B        C        D        E       F      G
               +--------+--------+--------+--------+--------+-----+--------+
         Total |  36837 |  35182 |   1655 |   3722 |  26697 |  23 | 1601.6 |
       Dungeon |  20047 |  19090 |    957 |   2828 |  13973 |  13 | 1542.1 |
        Temple |     16 |     12 |      4 |      0 |      4 |   1 |   16.0 |
          Lair |  12293 |  11701 |    592 |    726 |   9396 |   6 | 2048.8 |
  Orcish Mines |   4384 |   4283 |    101 |    168 |   3243 |   2 | 2192.0 |
      Gauntlet |     95 |     95 |      0 |      0 |     79 |   1 |   95.0 |
               +--------+--------+--------+--------+--------+-----+--------+

Top non-repeatable levels by time:
    D:10: 3373 daAuts
  Lair:4: 3104 daAuts
  Lair:5: 3021 daAuts
     D:8: 2763 daAuts
  Lair:6: 2294 daAuts
    D:11: 2269 daAuts
   Orc:1: 2221 daAuts
   Orc:2: 2163 daAuts
     D:5: 2001 daAuts
     D:9: 1932 daAuts
  Lair:2: 1422 daAuts
     D:7: 1404 daAuts
     D:6: 1287 daAuts
  Lair:3: 1280 daAuts
     D:1: 1183 daAuts
